 Dungeon Crawl Stone Soup version 0.26-b1-32-g5d43845318 (webtiles) character file.

Game seed: 17301683952209899682

3180 Arthanis the Arsonist (level 9, -14/48 HPs)
             Began as a Deep Elf Fire Elementalist on Jan 11, 2021.
             Demolished by an orc knight
             ... wielding a +0 trident
              (21 damage)
             ... in a bailey.
             The game lasted 00:13:15 (9240 turns).

Arthanis the Arsonist (Deep Elf Fire Elementalist)  Turns: 9240, Time: 00:13:16

Health: -14/48     AC:  5    Str:  5    XL:     9   Next: 63%
Magic:  23/23      EV: 14    Int: 24    God:
Gold:   512        SH:  5    Dex: 15    Spells: 12/25 levels left

rFire    . . .     SeeInvis .   A - +2 halberd (venom)
rCold    . . .     Faith    .   (shield currently unavailable)
rNeg     . . .     Spirit   .   a - +0 robe
rPois    .         Reflect  +   v - +0 helmet
rElec    .         Harm     .   (no cloak)
rCorr    .         Rampage  .   (no gloves)
Will     .....                  D - +1 pair of boots
Stlth    ++........             z - amulet of reflection
HPRegen  0.16/turn              (no ring)
MPRegen  0.18/turn              (no ring)

@: about to teleport
A: no striking features
a: no special abilities


You were in a bailey.
You visited 2 branches of the dungeon, and saw 9 of its levels.
You also visited: Sewer and Bailey.

You collected 512 gold pieces.

Inventory:

Hand Weapons
 j - a +2 short sword of draining
 y - a cursed +1 dagger of venom
 A - a +2 halberd of venom (weapon)
Armour
 a - a +0 robe (worn)
 s - a +0 buckler
 v - a +0 helmet (worn)
 D - a +1 pair of boots (worn)
Jewellery
 z - an amulet of reflection (around neck)
Wands
 r - a wand of polymorph (4)
 t - a wand of iceblast (10)
 u - a wand of random effects (10)
 w - a wand of enslavement (10)
 x - a wand of acid (17)
Scrolls
 e - 5 scrolls of remove curse
 f - 3 scrolls of immolation {unknown}
 i - 2 scrolls of amnesia {unknown}
 l - 4 scrolls of identify {unknown}
 n - 4 scrolls of fear
 p - 3 scrolls of teleportation
 B - a scroll of enchant armour {unknown}
 C - a scroll of blinking {unknown}
 E - a scroll of enchant weapon {unknown}
Potions
 b - 5 potions of curing
 c - 4 potions of brilliance {unknown}
 d - 3 potions of berserk rage {unknown}
 g - 5 potions of heal wounds {unknown}
 h - 3 potions of might {unknown}
 k - 3 potions of flight {unknown}
 m - a potion of haste {unknown}
 o - a potion of invisibility {unknown}
 q - 2 potions of magic {unknown}


   Skills:
 + Level 1.6 Fighting
 + Level 3.8 Dodging
 - Level 3.0 Stealth
 + Level 8.9 Spellcasting
 + Level 7.0 Conjurations
 * Level 10.4 Fire Magic
 + Level 2.3 Evocations


You had 12 spell levels left.
You knew the following spells:

 Your Spells              Type           Power        Failure   Level
a - Foxfire               Conj/Fire      100%         1%          1
b - Conjure Flame         Conj/Fire      52%          1%          3
c - Sticky Flame          Conj/Fire      52%          1%          4
d - Fireball              Conj/Fire      26%          4%          5

Your spell library contained the following spells:

 Spells                   Type           Power        Failure   Level
 Inner Flame              Hex/Fire       35%          1%          3


Dungeon Overview and Level Annotations

Branches:
Dungeon (8/15)             Temple (1/1) D:4           Sewer (visited)
 Bailey (1/1)
   Lair: D:8-11

Altars:
Ashenzari
Cheibriados
Dithmenos
Elyvilon
Fedhas
Gozag
Kikubaaqudgha
Makhleb
Nemelex Xobeh
Okawaru
Qazlal
Ru
Sif Muna
Trog
Uskayaw
Wu Jian
Zin
The Shining One


Message History

The orc knight shouts!
An orc knight comes into view. It is wielding a +0 halberd.
An orc knight comes into view. It is wielding a -2 halberd.
The orc knight roars a battlecry!
The orcs go into a battle-frenzy!
The orc knight shouts!
Found four items.
Found a gate leading back out of this place.
As you read the scroll of teleportation, it crumbles to dust.
You feel strangely unstable. The orc knight misses you.
The orc knight roars a battlecry!
The orc knight goes into a battle-frenzy!
The orc knight hits you from afar with a +0 halberd!!!
Ouch! That really hurt!
* * * LOW HITPOINT WARNING * * *
You hear a shout! x3
It was a potion of curing.
You feel better.
You hear a shout! x2
The orc knight hits you from afar with a +0 trident!!
You die...

##..∩..##
#.......#
#..??o..#
#..?o?..#
#..???..#
#.......#
#.o.....#
#.....o.#
#...@...#
#.......#
#.......#
##.....##
#+++++#


You could see 3 orc knights and an orc warrior (strong).

Vanquished Creatures
  Maggie (D:7)
  Grinder (D:5)
  Eustachio (D:6)
  Edmund (D:5)
  A water moccasin (D:6)
  2 sky beasts
  2 orc warriors
  An ice beast (D:5)
  2 ogres
  A phantom (D:6)
  2 centaurs (D:7)
  3 bullfrogs
  A big kobold (Sewer)
  A scorpion (D:4)
  4 wights (D:6)
  3 howler monkeys
  A centaur zombie (D:6)
  A bullfrog zombie (D:6)
  2 hounds
  4 orc wizards (D:7)
  A bullfrog skeleton (D:5)
  3 orc priests
  Natasha (thrice) (D:4)
  An iguana (D:7)
  5 worker ants
  A hound zombie (D:5)
  A gnoll (D:8)
  11 adders
  A river rat (Sewer)
  A shadow imp (D:5)
  A white imp (D:7)
  2 ufetubi
  An ooze (D:3)
  2 worms
  5 dart slugs
  4 leopard geckos
  29 orcs
  3 giant cockroaches
  11 goblins
  4 hobgoblins
  13 jackals
  A quokka (D:3)
  2 ball pythons (D:6)
  7 bats
  3 frilled lizards
  10 kobolds
  A quokka skeleton (D:6)
  13 rats
175 creatures vanquished.

Vanquished Creatures (others)
  684 foxfires
684 creatures vanquished.

Grand Total: 859 creatures vanquished

Notes
Turn   | Place    | Note
-------+----------+-------------------------------------------
     0 | D:1      | Arthanis the Deep Elf Fire Elementalist began the quest for
                  | the Orb.
     0 | D:1      | Reached XP level 1. HP: 10/10 MP: 6/6
   322 | D:1      | Reached XP level 2. HP: 15/15 MP: 5/8
   969 | D:1      | Reached skill level 4 in Fire Magic
  1406 | D:2      | Reached XP level 3. HP: 11/19 MP: 1/10
  1467 | D:2      | Learned a level 3 spell: Conjure Flame
  1732 | D:2      | Reached XP level 4. HP: 19/24 MP: 3/12
  1737 | D:2      | Learned a level 4 spell: Sticky Flame
  2364 | D:3      | Reached skill level 5 in Fire Magic
  2411 | D:3      | Found a glowing golden altar of the Shining One.
  2446 | D:3      | Reached XP level 5. HP: 28/28 MP: 8/13
  2514 | D:3      | Found a shadowy altar of Dithmenos.
  3256 | D:4      | Learned a level 5 spell: Fireball
  3409 | D:4      | Found a glowing golden altar of the Shining One.
  3413 | D:4      | Noticed an ogre
  3419 | D:4      | Killed an ogre
  3420 | D:4      | Reached skill level 5 in Spellcasting
  3420 | D:4      | Reached XP level 6. HP: 32/32 MP: 9/15
  3575 | D:4      | Found a staircase to the Ecumenical Temple.
  3587 | D:4      | Reached skill level 6 in Fire Magic
  3593 | D:4      | Noticed Natasha
  3598 | D:4      | Killed Natasha
  3606 | Temple   | Entered the Ecumenical Temple
  4001 | D:4      | Found an ornate altar of the Wu Jian Council.
  4003 | D:4      | Found a white marble altar of Elyvilon.
  4005 | D:4      | Found a snail-covered altar of Cheibriados.
  4025 | D:4      | Noticed Natasha
  4029 | D:4      | Killed Natasha
  4071 | D:4      | Noticed Natasha
  4079 | D:4      | Killed Natasha
  4250 | D:5      | Entered Level 5 of the Dungeon
  4307 | D:5      | Noticed Grinder
  4314 | D:5      | Killed Grinder
  4315 | D:5      | Reached skill level 7 in Fire Magic
  4315 | D:5      | Reached XP level 7. HP: 21/36 MP: 7/17
  4637 | D:5      | Found a glowing drain.
  4646 | Sewer    | Entered a sewer
  4956 | Sewer    | Found a white marble altar of Elyvilon.
  5169 | D:5      | Reached skill level 5 in Conjurations
  5284 | D:5      | Noticed Edmund
  5309 | D:5      | Killed Edmund
  5310 | D:5      | Reached skill level 8 in Fire Magic
  5310 | D:5      | Reached XP level 8. HP: 41/41 MP: 4/20
  6327 | D:6      | Noticed Eustachio
  6343 | D:6      | Killed Eustachio
  6344 | D:6      | Reached skill level 9 in Fire Magic
  6469 | D:6      | Found an opulent altar of Gozag.
  7566 | D:6      | Reached XP level 9. HP: 29/45 MP: 5/23
  7794 | D:7      | Noticed Maggie
  7797 | D:7      | Killed Maggie
  7798 | D:7      | Reached skill level 1 in Evocations
  7829 | D:7      | Reached skill level 10 in Fire Magic
  8339 | D:7      | Reached skill level 1 in Fighting
  9064 | D:8      | Found a flagged portal.
  9083 | Bailey   | Entered a bailey
  9237 | Bailey   | Noticed an orc knight
  9237 | Bailey   | Noticed an orc knight
  9237 | Bailey   | Noticed an orc knight
  9239 | Bailey   | HP: 2/48 [orc knight/+0 halberd (46)]
  9240 | Bailey   | Demolished by an orc knight

Illustrated notes

Levels and vault maps discovered:
D:1:      matt_arrival_los_fun, layout_loops_corners
D:2:      layout_rooms
D:3:      layout_loops_ring, grunt_dithmenos_smoke_and_mirrors,
          lemuel_crystal_altar
D:4:      layout_basic, minitemple, minmay_temple_entry_mist, tso_metal_star,
          uniq_natasha
D:5:      layout_basic, portal_sewer_entry_d, uniq_edmund, uniq_grinder
D:6:      layout_loops_ring, nicolae_gozag_cash_rules_everything_around_me,
          uniq_eustachio
D:7:      layout_loops_cross, uniq_maggie
D:8:      layout_gridville, chequers_temple_overflow_minitemple,
          erik_lair_dragon, lightli_bailey_entry_fortress
Temple:   minmay_temple_bridge_abc
Bailey:   bailey_polearm_5, bailey

Skill      XL: |  1  2  3  4  5  6  7  8  9 |
---------------+----------------------------+-----
Fire Magic     | 4 5 7 8 9 10 | 10.4
Conjurations   | 2 3 4 5 6 7 |  7.0
Spellcasting   | 4 5 6 8 |  8.9
Evocations     | 2 |  2.3
Dodging        | 3 |  3.8
Stealth        | 3 |  3.0
Fighting       | 1 |  1.6

Action                   |  1- 3 |  4- 6 |  7- 9 || total
-------------------------+-------+-------+-------++-------
Melee: Unarmed           |     3 |       |       ||     3
       Short sword       |       |    13 |    10 ||    23
       Halberd           |       |       |     9 ||     9
 Cast: Foxfire           |    89 |   114 |   270 ||   473
       Sticky Flame      |       |     1 |    14 ||    15
       Conjure Flame     |       |       |     5 ||     5
       Fireball          |       |       |    11 ||    11
  Use: Scroll            |       |       |     5 ||     5
       Potion            |       |       |     1 ||     1
 Stab: Sleeping          |       |     3 |     3 ||     6
Armor: Robe              |     8 |    10 |     5 ||    23
Dodge: Dodged            |    21 |    31 |    40 ||    92
Block: Other             |       |       |    10 ||    10
